PHILADELPHIA Flyers vs FLORIDA Panthers

Created - 13 mars 2024 at 11:54

Goals
1 2 3 T
PHILADELPHIA Flyers 2 0 0 2
FLORIDA Panthers 1 1 2 4
Shots
1 2 3 T
PHILADELPHIA Flyers 11 3 12 26
FLORIDA Panthers 10 13 13 36

1st period

1. PHILADELPHIA Flyers , Leon Draisaitl 38 (Nick Schmaltz 25, Claude Giroux 43) at 2:10
2. PHILADELPHIA Flyers , Leon Draisaitl 39 (Claude Giroux 44, Joel Edmundson 14) at 8:49
3. FLORIDA Panthers , Matthew Tkachuk 16 (Brady Skjei 28, Steven Stamkos 26) at 14:56

Penalties :
Mike Hoffman (PHI) for Roughing (Minor) at 15:01

2nd period

4. FLORIDA Panthers , Brock Nelson 12 (Brandon Saad 10, Brady Skjei 29) at 16:39

Penalties :
Ben Chiarot (PHI) for Slashing (Minor) at 2:12, Alexander Edler (PHI) for High sticking (Minor) at 9:53, Adam Erne (PHI) for Slashing (Minor) at 12:15

3rd period

5. FLORIDA Panthers , Josh Morrissey 11 (Carter Verhaeghe 7, Matthew Tkachuk 33) at 15:51 (PP)
6. FLORIDA Panthers , Ryan McDonagh 9 (Vincent Trocheck 24, Brandon Saad 11) at 19:32 (Empty Net)

Penalties :
Josh Morrissey (FLO) for Tripping (Minor) at 3:41, Noah Juulsen (PHI) for Hooking (Minor) at 9:54, Justin Schultz (PHI) for Roughing (Minor) at 15:29

Goalie Stats

Connor Hellebuyck (PHI), 32 saves from 35 shots - (0,914), L, 26-22-3, 59:28 minutes
Darcy Kuemper (FLO), 24 saves from 26 shots - (0,923), W, 25-18-7, 60:00 minutes

Players Stats for PHILADELPHIA Flyers

Player Name              G  A  P  +/- PIM S  H  SB GA TA FO     MP     PP MP  PK MP  
------------------------------------------------------------------------------------
Adam Erne                0  0  0   0  2   2  1  0  0  0  1/3    10:46   1:02   0:00 
Alexander Edler          0  0  0  -1  2   0  3  0  0  0  0/0    21:24   0:57   0:00 
Ben Chiarot              0  0  0  -1  2   1  4  0  0  0  0/0    21:58   1:02   5:17 
Chris Tierney            0  0  0   0  0   1  1  0  0  0  4/9     6:57   0:00   0:00 
Claude Giroux            0  2  2  -1  0   5  2  0  0  0  17/24  25:32   0:57   6:20 
Jakub Voracek            0  0  0   0  0   1  0  0  0  0  0/0     6:54   0:00   0:00 
Joel Edmundson           0  1  1   1  0   0  0  3  0  0  0/0    15:24   0:00   3:51 
Jonathan Drouin          0  0  0   0  0   0  1  0  0  0  0/2    10:15   0:00   0:30 
Josh Leivo               0  0  0   0  0   0  1  0  0  0  0/0     7:52   0:00   0:30 
Justin Schultz           0  0  0  -1  2   2  2  0  0  0  0/0    20:40   1:02   2:01 
Leon Draisaitl           2  0  2  -1  0   4  1  0  0  0  6/16   25:32   0:57   6:20 
Mike Hoffman             0  0  0   0  2   1  1  0  0  0  1/1    13:51   1:02   0:00 
Nick Schmaltz            0  1  1  -1  0   4  0  0  0  0  1/3    22:39   0:57   3:27 
Noah Juulsen             0  0  0   1  2   0  0  2  0  0  0/0    15:29   0:00   4:22 
Sam Gagner               0  0  0   0  0   2  0  0  0  0  6/10    9:45   0:00   0:00 
Sean Couturier           0  0  0   0  0   1  1  0  0  0  5/12   16:17   0:00   3:27 
Sean Monahan             0  0  0   0  0   1  2  0  0  0  1/3    13:52   1:02   0:00 
Shea Weber               0  0  0  -1  0   1  1  0  0  0  0/0    24:30   0:57   5:03 

Players Stats for FLORIDA Panthers

Player Name              G  A  P  +/- PIM S  H  SB GA TA FO     MP     PP MP  PK MP  
------------------------------------------------------------------------------------
Adam Henrique            0  0  0  -2  0   1  0  0  0  0  5/9    11:35   0:00   0:00 
Brady Skjei              0  2  2   3  0   1  2  2  0  0  0/0    21:09   4:23   1:16 
Brandon Saad             0  2  2   2  0   3  0  0  0  0  0/0    18:08   4:24   0:00 
Brock Nelson             1  0  1   2  0   3  3  0  0  0  0/2    19:29   4:24   1:21 
Carter Verhaeghe         0  1  1   1  0   1  1  0  0  0  1/1    21:54   5:53   0:00 
Connor Murphy            0  0  0  -1  0   0  4  3  0  0  0/0    15:34   0:00   0:43 
Derek Grant              0  0  0   0  0   0  2  0  0  0  5/9     6:24   0:00   0:00 
Dougie Hamilton          0  0  0   2  0   2  1  1  0  0  0/0    21:47   5:54   0:43 
Eetu Luostarinen         0  0  0  -2  0   2  0  1  0  0  1/1    12:13   0:00   0:38 
Jordan Martinook         0  0  0   0  0   0  2  0  0  0  0/0     7:02   0:00   0:38 
Josh Morrissey           1  0  1  -1  2   4  2  0  0  0  0/0    23:16   5:54   0:00 
Matt Irwin               0  0  0  -1  0   0  5  0  0  0  0/0    14:51   0:00   0:00 
Matthew Tkachuk          1  1  2   1  0   4  2  0  0  0  2/4    21:54   5:53   0:00 
Ryan McDonagh            1  0  1   0  0   2  0  4  0  0  0/0    23:22   4:23   1:16 
Ryan McLeod              0  0  0   0  0   1  0  0  0  0  1/1     6:24   0:00   0:00 
Steven Stamkos           0  1  1   1  0   8  2  1  0  0  11/28  21:54   5:53   0:00 
Vincent Trocheck         0  1  1   2  0   3  3  0  0  0  14/26  19:29   4:24   1:21 
Yegor Sharangovich       0  0  0  -2  0   1  0  0  0  0  1/2    11:35   0:00   0:00 

3 Stars

1 - Brady Skjei (FLO)
2 - Matthew Tkachuk (FLO)
3 - Brock Nelson (FLO)

Power Play

PHILADELPHIA Flyers - 0 on 1 Attempt(s) - 0,00%
FLORIDA Panthers - 1 on 6 Attempt(s) - 16,67%

Penalty Kill

PHILADELPHIA Flyers - 5 on 6 Attempt(s) - 83,33% - Score 0 goal in Penalty Kill
FLORIDA Panthers - 1 on 1 Attempt(s) - 100,00% - Score 0 goal in Penalty Kill

Team Stat

PHILADELPHIA Flyers - Hits : 21 - Faceoff Wins : 42 - Blocked Shots : 5 - Penalty Minutes : 12
FLORIDA Panthers - Hits : 29 - Faceoff Wins : 41 - Blocked Shots : 12 - Penalty Minutes : 2

Official

Referees : John Hoolihan and Maria Furberg
Linesman : Steve Barton and Tyson Baker

Game Notes

Ryan McDonagh has scored in a empty net!

Finance

Level 1 -- Attendance: 4525 (71,26%) -- Ticket Income $452,500
Level 2 -- Attendance: 4628 (89,00%) -- Ticket Income $263,796
Level 3 -- Attendance: 2678 (89,27%) -- Ticket Income $85,696
Level 4 -- Attendance: 4049 (88,02%) -- Ticket Income $80,980
Luxury Box -- Attendance: 1025 (100,00%) -- Ticket Income $199,875
Game was played at the BB-T Center.
Total Attendance: 16905 (83,79%)
Total Ticket Income: $1,082,847
Other Income: $270,712
Total Income: $1,353,559

PHILADELPHIA Flyers

5 vs 5 Forward 
   Center                   Left Wing                Right Wing               Time % Phy DF OF 
 1 Claude Giroux            Leon Draisaitl           Nick Schmaltz            50     1   2  2  
 2 Sean Couturier           Mike Hoffman             Sean Monahan             25     1   2  2  
 3 Sam Gagner               Jonathan Drouin          Adam Erne                15     1   2  2  
 4 Chris Tierney            Jakub Voracek            Josh Leivo               10     1   2  2  

5 vs 5 Defense 
   Defense                  Defense                                           Time % Phy DF OF 
 1 Ben Chiarot              Shea Weber                                        40     1   2  2  
 2 Alexander Edler          Justin Schultz                                    30     1   2  2  
 3 Joel Edmundson           Noah Juulsen                                      20     1   2  2  
 4 Alexander Edler          Shea Weber                                        10     1   2  2  

PowerPlay Forward 
   Center                   Left Wing                Right Wing               Time % Phy DF OF 
 1 Nick Schmaltz            Leon Draisaitl           Claude Giroux            60     1   2  2  
 2 Sean Monahan             Mike Hoffman             Adam Erne                40     1   2  2  

PowerPlay Defense
   Defense                  Defense                                           Time % Phy DF OF 
 1 Alexander Edler          Shea Weber                                        60     1   2  2  
 2 Ben Chiarot              Justin Schultz                                    40     1   2  2  

Penalty Kill 4 Players Forward 
   Center                   Wing                     Time % Phy DF OF 
 1 Leon Draisaitl           Claude Giroux            60     1   2  2  
 2 Sean Couturier           Nick Schmaltz            40     1   2  2  

Penalty Kill 4 Players Defense
   Defense                  Defense                  Time % Phy DF OF 
 1 Noah Juulsen             Ben Chiarot              60     1   2  2  
 2 Shea Weber               Joel Edmundson           40     1   2  2  

Penalty Kill - 3 Players Forward 
   Forward                                           Time % Phy DF OF 
 1 Leon Draisaitl                                    60     1   2  2  
 2 Claude Giroux                                     40     1   2  2  

Penalty Kill - 3 Players Defense
   Defense                  Defense                  Time % Phy DF OF 
 1 Shea Weber               Ben Chiarot              60     1   2  2  
 2 Justin Schultz           Joel Edmundson           40     1   2  2  

4 vs 4 Forward 
   Center                   Wing                     Time % Phy DF OF 
 1 Leon Draisaitl           Claude Giroux            60     1   2  2  
 2 Sean Monahan             Nick Schmaltz            40     1   2  2  

4 vs 4 Defense
   Defense                  Defense                  Time % Phy DF OF 
 1 Justin Schultz           Ben Chiarot              60     1   2  2  
 2 Shea Weber               Joel Edmundson           40     1   2  2  

Last Minutes Offensive
   Center                   Left Wing                Right Wing               Defense                  Defense                  
   Claude Giroux            Leon Draisaitl           Nick Schmaltz            Shea Weber               Ben Chiarot              

Last Minutes Defensive
   Center                   Left Wing                Right Wing               Defense                  Defense                  
   Sean Monahan             Jonathan Drouin          Claude Giroux            Alexander Edler          Justin Schultz           

Goaltenders
Starting : Connor Hellebuyck        
Backup : Arturs Silovs            

Extra Forwards
Normal : Sam Gagner, Adam Erne, Jonathan Drouin - PP : Sam Gagner, Adam Erne - PK : Jonathan Drouin
Extra Defensemen
Normal : Justin Schultz, Alexander Edler, Shea Weber - PP : Alexander Edler - PK : Shea Weber, Noah Juulsen
Penalty Shots
Leon Draisaitl, Claude Giroux, Jonathan Drouin, Nick Schmaltz, Mike Hoffman

Scratches
None

FLORIDA Panthers

5 vs 5 Forward 
   Center                   Left Wing                Right Wing               Time % Phy DF OF 
 1 Steven Stamkos           Carter Verhaeghe         Matthew Tkachuk          40     1   2  2  
 2 Vincent Trocheck         Brock Nelson             Brandon Saad             30     1   1  3  
 3 Adam Henrique            Eetu Luostarinen         Yegor Sharangovich       20     1   2  2  
 4 Derek Grant              Ryan McLeod              Jordan Martinook         10     1   2  2  

5 vs 5 Defense 
   Defense                  Defense                                           Time % Phy DF OF 
 1 Josh Morrissey           Ryan McDonagh                                     40     1   2  2  
 2 Dougie Hamilton          Brady Skjei                                       30     1   2  2  
 3 Connor Murphy            Matt Irwin                                        20     1   2  2  
 4 Josh Morrissey           Ryan McDonagh                                     10     1   2  2  

PowerPlay Forward 
   Center                   Left Wing                Right Wing               Time % Phy DF OF 
 1 Steven Stamkos           Carter Verhaeghe         Matthew Tkachuk          60     1   1  3  
 2 Vincent Trocheck         Brock Nelson             Brandon Saad             40     1   1  3  

PowerPlay Defense
   Defense                  Defense                                           Time % Phy DF OF 
 1 Josh Morrissey           Dougie Hamilton                                   70     1   1  3  
 2 Brady Skjei              Ryan McDonagh                                     30     1   1  3  

Penalty Kill 4 Players Forward 
   Center                   Wing                     Time % Phy DF OF 
 1 Vincent Trocheck         Brock Nelson             60     1   3  1  
 2 Adam Henrique            Eetu Luostarinen         40     1   4  0  

Penalty Kill 4 Players Defense
   Defense                  Defense                  Time % Phy DF OF 
 1 Ryan McDonagh            Brady Skjei              60     1   3  1  
 2 Connor Murphy            Josh Morrissey           40     1   3  1  

Penalty Kill - 3 Players Forward 
   Forward                                           Time % Phy DF OF 
 1 Eetu Luostarinen                                  60     0   5  0  
 2 Vincent Trocheck                                  40     0   5  0  

Penalty Kill - 3 Players Defense
   Defense                  Defense                  Time % Phy DF OF 
 1 Connor Murphy            Ryan McDonagh            60     1   4  0  
 2 Brady Skjei              Josh Morrissey           40     1   4  0  

4 vs 4 Forward 
   Center                   Wing                     Time % Phy DF OF 
 1 Steven Stamkos           Matthew Tkachuk          60     1   2  2  
 2 Vincent Trocheck         Brock Nelson             40     1   2  2  

4 vs 4 Defense
   Defense                  Defense                  Time % Phy DF OF 
 1 Josh Morrissey           Ryan McDonagh            60     1   2  2  
 2 Brady Skjei              Connor Murphy            40     1   2  2  

Last Minutes Offensive
   Center                   Left Wing                Right Wing               Defense                  Defense                  
   Steven Stamkos           Carter Verhaeghe         Matthew Tkachuk          Josh Morrissey           Dougie Hamilton          

Last Minutes Defensive
   Center                   Left Wing                Right Wing               Defense                  Defense                  
   Vincent Trocheck         Brock Nelson             Brandon Saad             Ryan McDonagh            Brady Skjei              

Goaltenders
Starting : Darcy Kuemper            
Backup : Cayden Primeau           

Extra Forwards
Normal : Matthew Tkachuk, Steven Stamkos, Carter Verhaeghe - PP : Yegor Sharangovich, Adam Henrique - PK : Eetu Luostarinen
Extra Defensemen
Normal : Brady Skjei, Dougie Hamilton, Connor Murphy - PP : Dougie Hamilton - PK : Ryan McDonagh, Connor Murphy
Penalty Shots
Steven Stamkos, Matthew Tkachuk, Brock Nelson, Carter Verhaeghe, Vincent Trocheck

Scratches
None


% Time on Ice - PHILADELPHIA Flyers

Lines # - Real PCT - Wanted PCT - Time Play
Normal Forward
1 - 38% - 50% - 17:55
2 - 27% - 25% - 12:50
3 - 21% - 15% - 9:45
4 - 15% - 10% - 6:54
Normal Defense
1 - 32% - 40% - 15:20
2 - 35% - 30% - 16:32
3 - 24% - 20% - 11:36
4 - 8% - 10% - 3:56
PP Forward
1 - 48% - 60% - 0:57
2 - 52% - 40% - 1:02
PP Defense
1 - 48% - 60% - 0:57
2 - 52% - 40% - 1:02
PK Forward
1 - 66% - 60% - 6:50
2 - 34% - 40% - 3:27
PK Defense
1 - 63% - 60% - 6:26
2 - 37% - 40% - 3:51
PK3 Forward
1 - 0% - 60%
2 - 0% - 40%
PK3 Defense
1 - 0% - 60%
2 - 0% - 40%
44 Forward
1 - 0% - 60%
2 - 0% - 40%
44 Defense
1 - 0% - 60%
2 - 0% - 40%
Last Minute Offensive  - 0:20
Last Minute Defensive  - 0:00
Total
Forward - 60:00
Defense - 60:00

% Time on Ice - FLORIDA Panthers

Lines # - Real PCT - Wanted PCT - Time Play
Normal Forward
1 - 34% - 40% - 16:01
2 - 28% - 30% - 13:24
3 - 24% - 20% - 11:35
4 - 14% - 10% - 6:24
Normal Defense
1 - 34% - 40% - 16:14
2 - 32% - 30% - 15:10
3 - 31% - 20% - 14:51
4 - 2% - 10% - 1:09
PP Forward
1 - 57% - 60% - 5:53
2 - 43% - 40% - 4:24
PP Defense
1 - 57% - 70% - 5:54
2 - 43% - 30% - 4:23
PK Forward
1 - 100% - 60% - 1:59
2 - 0% - 40% - 0:00
PK Defense
1 - 64% - 60% - 1:16
2 - 36% - 40% - 0:43
PK3 Forward
1 - 0% - 60%
2 - 0% - 40%
PK3 Defense
1 - 0% - 60%
2 - 0% - 40%
44 Forward
1 - 0% - 60%
2 - 0% - 40%
44 Defense
1 - 0% - 60%
2 - 0% - 40%
Last Minute Offensive  - 0:00
Last Minute Defensive  - 0:20
Total
Forward - 60:00
Defense - 60:00

Play-by-Play

1st period


0:01 of 1st period - Claude Giroux wins face-off versus Matthew Tkachuk in neutral zone.
0:01 of 1st period - Nick Schmaltz is hit by Carter Verhaeghe and loses puck.
0:06 of 1st period - Shot by Leon Draisaitl.
0:06 of 1st period - Shot Blocked by Ryan McDonagh.
0:30 of 1st period - Shot by Matthew Tkachuk.
0:30 of 1st period - Stopped by Connor Hellebuyck without a rebound.
0:31 of 1st period - Vincent Trocheck wins face-off versus Sean Couturier in PHILADELPHIA Flyers zone.
2:10 of 1st period - Shot by Leon Draisaitl.
2:10 of 1st period - Goal by Leon Draisaitl - PHILADELPHIA Flyers : 1 - FLORIDA Panthers : 0.
2:11 of 1st period - Sam Gagner wins face-off versus Steven Stamkos in neutral zone.
2:22 of 1st period - Shot by Shea Weber.
2:22 of 1st period - Shot Misses the Net.
2:36 of 1st period - Shot by Steven Stamkos.
2:36 of 1st period - Stopped by Connor Hellebuyck without a rebound.
2:37 of 1st period - Chris Tierney wins face-off versus Derek Grant in PHILADELPHIA Flyers zone.
2:41 of 1st period - Alexander Edler is hit by Connor Murphy and loses puck.
2:54 of 1st period - Shot by Jakub Voracek.
2:54 of 1st period - Stopped by Darcy Kuemper with a rebound.
2:56 of 1st period - Shot by Josh Leivo.
2:56 of 1st period - Shot Misses the Net.
2:58 of 1st period - Shot by Justin Schultz.
2:58 of 1st period - Stopped by Darcy Kuemper without a rebound.
2:59 of 1st period - Claude Giroux wins face-off versus Adam Henrique in FLORIDA Panthers zone.
3:06 of 1st period - Shot by Nick Schmaltz.
3:06 of 1st period - Stopped by Darcy Kuemper without a rebound.
3:07 of 1st period - Steven Stamkos wins face-off versus Claude Giroux in FLORIDA Panthers zone.
4:06 of 1st period - Shot by Adam Henrique.
4:06 of 1st period - Stopped by Connor Hellebuyck without a rebound.
4:07 of 1st period - Derek Grant wins face-off versus Adam Erne in PHILADELPHIA Flyers zone.
4:12 of 1st period - Shot by Ryan McLeod.
4:12 of 1st period - Stopped by Connor Hellebuyck without a rebound.
4:13 of 1st period - Eetu Luostarinen wins face-off versus Sam Gagner in PHILADELPHIA Flyers zone.
4:54 of 1st period - Icing by Joel Edmundson.
4:55 of 1st period - Sam Gagner wins face-off versus Steven Stamkos in PHILADELPHIA Flyers zone.
5:50 of 1st period - Ryan McDonagh is hit by Shea Weber and loses puck.
7:19 of 1st period - Jordan Martinook is hit by Alexander Edler and loses puck.
7:33 of 1st period - Ryan McLeod is hit by Alexander Edler and loses puck.
7:43 of 1st period - Icing by Alexander Edler.
7:44 of 1st period - Adam Henrique wins face-off versus Sean Couturier in PHILADELPHIA Flyers zone.
8:49 of 1st period - Shot by Leon Draisaitl.
8:49 of 1st period - Goal by Leon Draisaitl - PHILADELPHIA Flyers : 2 - FLORIDA Panthers : 0.
8:50 of 1st period - Steven Stamkos wins face-off versus Chris Tierney in neutral zone.
9:27 of 1st period - Shot by Steven Stamkos.
9:27 of 1st period - Shot Blocked by Noah Juulsen.
9:54 of 1st period - Vincent Trocheck is hit by Ben Chiarot and loses puck.
10:28 of 1st period - Brock Nelson is hit by Ben Chiarot and loses puck.
10:44 of 1st period - Icing by Josh Morrissey.
10:45 of 1st period - Derek Grant wins face-off versus Claude Giroux in FLORIDA Panthers zone.
10:45 of 1st period - Josh Morrissey is hit by Leon Draisaitl and loses puck.
11:09 of 1st period - Icing by Ryan McDonagh.
11:10 of 1st period - Derek Grant wins face-off versus Chris Tierney in FLORIDA Panthers zone.
11:10 of 1st period - Derek Grant is hit by Chris Tierney.
11:13 of 1st period - Icing by Jordan Martinook.
11:14 of 1st period - Claude Giroux wins face-off versus Derek Grant in FLORIDA Panthers zone.
11:15 of 1st period - Shot by Nick Schmaltz.
11:15 of 1st period - Stopped by Darcy Kuemper with a rebound.
11:36 of 1st period - Shot by Claude Giroux.
11:36 of 1st period - Stopped by Darcy Kuemper with a rebound.
11:38 of 1st period - Shot by Leon Draisaitl.
11:38 of 1st period - Stopped by Darcy Kuemper with a rebound.
11:48 of 1st period - Leon Draisaitl is hit by Derek Grant and loses puck.
12:04 of 1st period - Icing by Josh Morrissey.
12:05 of 1st period - Derek Grant wins face-off versus Chris Tierney in FLORIDA Panthers zone.
13:18 of 1st period - Sean Couturier is hit by Brock Nelson and loses puck.
13:55 of 1st period - Off-side.
13:56 of 1st period - Adam Henrique wins face-off versus Claude Giroux in neutral zone.
14:11 of 1st period - Shot by Leon Draisaitl.
14:11 of 1st period - Stopped by Darcy Kuemper with a rebound.
14:24 of 1st period - Eetu Luostarinen is hit by Justin Schultz.
14:34 of 1st period - Shot by Eetu Luostarinen.
14:34 of 1st period - Shot Misses the Net.
14:56 of 1st period - Shot by Matthew Tkachuk.
14:56 of 1st period - Goal by Matthew Tkachuk - PHILADELPHIA Flyers : 2 - FLORIDA Panthers : 1.
14:57 of 1st period - Sean Couturier wins face-off versus Vincent Trocheck in neutral zone.
15:01 of 1st period - Minor Penalty to Mike Hoffman for Roughing.
15:02 of 1st period - Steven Stamkos wins face-off versus Leon Draisaitl in PHILADELPHIA Flyers zone.
15:11 of 1st period - Shot by Carter Verhaeghe.
15:11 of 1st period - Shot Misses the Net.
15:13 of 1st period - Shot by Josh Morrissey.
15:13 of 1st period - Shot Misses the Net.
15:15 of 1st period - Shot by Josh Morrissey.
15:15 of 1st period - Deflect By Matthew Tkachuk.
15:15 of 1st period - Shot Misses the Net.
15:17 of 1st period - Shot by Josh Morrissey.
15:17 of 1st period - Shot Misses the Net.
15:19 of 1st period - Shot by Josh Morrissey.
15:19 of 1st period - Stopped by Connor Hellebuyck with a rebound.
15:33 of 1st period - Shot by Matthew Tkachuk.
15:33 of 1st period - Deflect By Steven Stamkos.
15:33 of 1st period - Stopped by Connor Hellebuyck without a rebound.
15:34 of 1st period - Vincent Trocheck wins face-off versus Jonathan Drouin in PHILADELPHIA Flyers zone.
15:35 of 1st period - Shot by Brock Nelson.
15:35 of 1st period - Deflect By Brandon Saad.
15:35 of 1st period - Stopped by Connor Hellebuyck without a rebound.
15:36 of 1st period - Leon Draisaitl wins face-off versus Vincent Trocheck in PHILADELPHIA Flyers zone.
16:21 of 1st period - Shot by Brady Skjei.
16:21 of 1st period - Shot Blocked by Joel Edmundson.
16:47 of 1st period - Shot by Matthew Tkachuk.
16:47 of 1st period - Shot Misses the Net.
16:49 of 1st period - Shot by Josh Morrissey.
16:49 of 1st period - Shot Misses the Net.
16:51 of 1st period - Shot by Steven Stamkos.
16:51 of 1st period - Shot Misses the Net.
16:53 of 1st period - Shot by Steven Stamkos.
16:53 of 1st period - Shot Misses the Net.
16:55 of 1st period - Shot by Dougie Hamilton.
16:55 of 1st period - Shot Blocked by Noah Juulsen.
16:57 of 1st period - Shot by Matthew Tkachuk.
16:57 of 1st period - Stopped by Connor Hellebuyck without a rebound.
16:58 of 1st period - Steven Stamkos wins face-off versus Leon Draisaitl in PHILADELPHIA Flyers zone.
17:27 of 1st period - Mike Hoffman is hit by Connor Murphy and loses puck.
17:31 of 1st period - Icing by Connor Murphy.
17:32 of 1st period - Sam Gagner wins face-off versus Adam Henrique in FLORIDA Panthers zone.
17:41 of 1st period - Shot by Adam Erne.
17:41 of 1st period - Stopped by Darcy Kuemper without a rebound.
17:42 of 1st period - Claude Giroux wins face-off versus Steven Stamkos in FLORIDA Panthers zone.
17:52 of 1st period - Shot by Claude Giroux.
17:52 of 1st period - Stopped by Darcy Kuemper without a rebound.
17:53 of 1st period - Claude Giroux wins face-off versus Vincent Trocheck in FLORIDA Panthers zone.
17:53 of 1st period - Claude Giroux is hit by Brady Skjei.
17:57 of 1st period - Shot by Nick Schmaltz.
17:57 of 1st period - Shot Misses the Net.
18:37 of 1st period - Shot by Nick Schmaltz.
18:37 of 1st period - Deflect By Claude Giroux.
18:37 of 1st period - Shot Misses the Net.
19:27 of 1st period - Shot by Steven Stamkos.
19:27 of 1st period - Stopped by Connor Hellebuyck without a rebound.
19:28 of 1st period - Adam Henrique wins face-off versus Sean Couturier in PHILADELPHIA Flyers zone.
19:33 of 1st period - Shot by Adam Henrique.
19:33 of 1st period - Shot Misses the Net.
19:35 of 1st period - Shot by Eetu Luostarinen.
19:35 of 1st period - Shot Misses the Net.
19:37 of 1st period - Shot by Eetu Luostarinen.
19:37 of 1st period - Shot Misses the Net.
19:51 of 1st period - Shot by Adam Henrique.
19:51 of 1st period - Shot Misses the Net.
Goals for this period are 2 for PHILADELPHIA Flyers vs 1 for FLORIDA Panthers.
Shots for this period are 11 for PHILADELPHIA Flyers vs 10 for FLORIDA Panthers.

2nd period


0:01 of 2nd period - Steven Stamkos wins face-off versus Claude Giroux in neutral zone.
0:11 of 2nd period - Icing by Ben Chiarot.
0:12 of 2nd period - Claude Giroux wins face-off versus Brock Nelson in PHILADELPHIA Flyers zone.
0:12 of 2nd period - Claude Giroux is hit by Vincent Trocheck.
1:02 of 2nd period - Icing by Brady Skjei.
1:03 of 2nd period - Vincent Trocheck wins face-off versus Sam Gagner in FLORIDA Panthers zone.
1:03 of 2nd period - Vincent Trocheck is hit by Jonathan Drouin.
1:06 of 2nd period - Icing by Dougie Hamilton.
1:07 of 2nd period - Vincent Trocheck wins face-off versus Sam Gagner in FLORIDA Panthers zone.
1:42 of 2nd period - Shot by Adam Erne.
1:42 of 2nd period - Shot Blocked by Ryan McDonagh.
1:44 of 2nd period - Shot by Sam Gagner.
1:44 of 2nd period - Stopped by Darcy Kuemper without a rebound.
1:45 of 2nd period - Adam Henrique wins face-off versus Claude Giroux in FLORIDA Panthers zone.
1:45 of 2nd period - Connor Murphy is hit by Claude Giroux and loses puck.
2:11 of 2nd period - Shot by Adam Henrique.
2:11 of 2nd period - Shot Misses the Net.
2:12 of 2nd period - Minor Penalty to Ben Chiarot for Slashing.
2:13 of 2nd period - Steven Stamkos wins face-off versus Leon Draisaitl in PHILADELPHIA Flyers zone.
2:16 of 2nd period - Shot by Matthew Tkachuk.
2:16 of 2nd period - Stopped by Connor Hellebuyck without a rebound.
2:17 of 2nd period - Carter Verhaeghe wins face-off versus Leon Draisaitl in PHILADELPHIA Flyers zone.
2:18 of 2nd period - Shot by Matthew Tkachuk.
2:18 of 2nd period - Shot Misses the Net.
2:45 of 2nd period - Icing by Steven Stamkos.
2:46 of 2nd period - Steven Stamkos wins face-off versus Leon Draisaitl in FLORIDA Panthers zone.
3:43 of 2nd period - Shot by Brock Nelson.
3:43 of 2nd period - Stopped by Connor Hellebuyck with a rebound.
3:45 of 2nd period - Shot by Ryan McDonagh.
3:45 of 2nd period - Shot Misses the Net.
3:47 of 2nd period - Shot by Brandon Saad.
3:47 of 2nd period - Stopped by Connor Hellebuyck with a rebound.
6:07 of 2nd period - Icing by Noah Juulsen.
6:08 of 2nd period - Vincent Trocheck wins face-off versus Nick Schmaltz in PHILADELPHIA Flyers zone.
6:24 of 2nd period - Claude Giroux is hit by Connor Murphy and loses puck.
7:32 of 2nd period - Shot by Steven Stamkos.
7:32 of 2nd period - Shot Misses the Net.
8:12 of 2nd period - Eetu Luostarinen is hit by Justin Schultz and loses puck.
9:08 of 2nd period - Brandon Saad is hit by Adam Erne and loses puck.
9:16 of 2nd period - Adam Erne is hit by Matt Irwin and loses puck.
9:20 of 2nd period - Icing by Matt Irwin.
9:21 of 2nd period - Chris Tierney wins face-off versus Brock Nelson in FLORIDA Panthers zone.
9:21 of 2nd period - Alexander Edler is hit by Connor Murphy and loses puck.
9:53 of 2nd period - Minor Penalty to Alexander Edler for High sticking.
9:54 of 2nd period - Leon Draisaitl wins face-off versus Steven Stamkos in PHILADELPHIA Flyers zone.
9:54 of 2nd period - Claude Giroux is hit by Matthew Tkachuk and loses puck.
10:05 of 2nd period - Shot by Dougie Hamilton.
10:05 of 2nd period - Stopped by Connor Hellebuyck without a rebound.
10:06 of 2nd period - Leon Draisaitl wins face-off versus Steven Stamkos in PHILADELPHIA Flyers zone.
10:28 of 2nd period - Shot by Josh Morrissey.
10:28 of 2nd period - Stopped by Connor Hellebuyck with a rebound.
10:30 of 2nd period - Shot by Josh Morrissey.
10:30 of 2nd period - Shot Misses the Net.
11:14 of 2nd period - Shot by Ryan McDonagh.
11:14 of 2nd period - Shot Misses the Net.
11:16 of 2nd period - Shot by Ryan McDonagh.
11:16 of 2nd period - Shot Misses the Net.
11:20 of 2nd period - Shot by Brady Skjei.
11:20 of 2nd period - Shot Blocked by Joel Edmundson.
11:22 of 2nd period - Shot by Brady Skjei.
11:22 of 2nd period - Stopped by Connor Hellebuyck without a rebound.
11:23 of 2nd period - Steven Stamkos wins face-off versus Sean Couturier in PHILADELPHIA Flyers zone.
11:50 of 2nd period - Shot by Carter Verhaeghe.
11:50 of 2nd period - Deflect By Steven Stamkos.
11:50 of 2nd period - Stopped by Connor Hellebuyck without a rebound.
11:51 of 2nd period - Vincent Trocheck wins face-off versus Leon Draisaitl in PHILADELPHIA Flyers zone.
12:01 of 2nd period - Eetu Luostarinen is hit by Alexander Edler and loses puck.
12:15 of 2nd period - Minor Penalty to Adam Erne for Slashing.
12:16 of 2nd period - Leon Draisaitl wins face-off versus Vincent Trocheck in PHILADELPHIA Flyers zone.
12:33 of 2nd period - Shot by Vincent Trocheck.
12:33 of 2nd period - Stopped by Connor Hellebuyck without a rebound.
12:34 of 2nd period - Steven Stamkos wins face-off versus Leon Draisaitl in PHILADELPHIA Flyers zone.
12:48 of 2nd period - Icing by Dougie Hamilton.
12:49 of 2nd period - Leon Draisaitl wins face-off versus Steven Stamkos in FLORIDA Panthers zone.
12:49 of 2nd period - Claude Giroux is hit by Dougie Hamilton and loses puck.
14:19 of 2nd period - Shot by Yegor Sharangovich.
14:19 of 2nd period - Deflect By Eetu Luostarinen.
14:19 of 2nd period - Stopped by Connor Hellebuyck without a rebound.
14:20 of 2nd period - Derek Grant wins face-off versus Jonathan Drouin in PHILADELPHIA Flyers zone.
14:25 of 2nd period - Shot by Ryan McLeod.
14:25 of 2nd period - Deflect By Derek Grant.
14:25 of 2nd period - Shot Misses the Net.
14:54 of 2nd period - Alexander Edler is hit by Jordan Martinook and loses puck.
14:59 of 2nd period - Jonathan Drouin is hit by Jordan Martinook and loses puck.
16:02 of 2nd period - Shot by Steven Stamkos.
16:02 of 2nd period - Stopped by Connor Hellebuyck without a rebound.
16:03 of 2nd period - Vincent Trocheck wins face-off versus Claude Giroux in PHILADELPHIA Flyers zone.
16:07 of 2nd period - Icing by Leon Draisaitl.
16:08 of 2nd period - Claude Giroux wins face-off versus Vincent Trocheck in PHILADELPHIA Flyers zone.
16:08 of 2nd period - Leon Draisaitl is hit by Brock Nelson and loses puck.
16:39 of 2nd period - Shot by Brock Nelson.
16:39 of 2nd period - Goal by Brock Nelson - PHILADELPHIA Flyers : 2 - FLORIDA Panthers : 2.
16:40 of 2nd period - Mike Hoffman wins face-off versus Steven Stamkos in neutral zone.
17:13 of 2nd period - Shot by Steven Stamkos.
17:13 of 2nd period - Stopped by Connor Hellebuyck without a rebound.
17:14 of 2nd period - Claude Giroux wins face-off versus Vincent Trocheck in PHILADELPHIA Flyers zone.
17:24 of 2nd period - Shot by Nick Schmaltz.
17:24 of 2nd period - Stopped by Darcy Kuemper without a rebound.
17:25 of 2nd period - Claude Giroux wins face-off versus Adam Henrique in FLORIDA Panthers zone.
17:38 of 2nd period - Shot by Eetu Luostarinen.
17:38 of 2nd period - Shot Blocked by Joel Edmundson.
18:03 of 2nd period - Icing by Adam Henrique.
18:04 of 2nd period - Adam Henrique wins face-off versus Sean Couturier in FLORIDA Panthers zone.
18:14 of 2nd period - Shot by Sean Couturier.
18:14 of 2nd period - Deflect By Sean Monahan.
18:14 of 2nd period - Stopped by Darcy Kuemper with a rebound.
18:29 of 2nd period - Off-side.
18:30 of 2nd period - Chris Tierney wins face-off versus Matthew Tkachuk in neutral zone.
18:30 of 2nd period - Justin Schultz is hit by Steven Stamkos and loses puck.
18:47 of 2nd period - Shot by Steven Stamkos.
18:47 of 2nd period - Shot Misses the Net.
18:59 of 2nd period - Shot by Steven Stamkos.
18:59 of 2nd period - Stopped by Connor Hellebuyck with a rebound.
19:09 of 2nd period - Shot by Matthew Tkachuk.
19:09 of 2nd period - Shot Misses the Net.
19:36 of 2nd period - Off-side.
19:37 of 2nd period - Claude Giroux wins face-off versus Derek Grant in neutral zone.
19:37 of 2nd period - Claude Giroux is hit by Derek Grant.
19:44 of 2nd period - Shot by Leon Draisaitl.
19:44 of 2nd period - Shot Misses the Net.
Goals for this period are 0 for PHILADELPHIA Flyers vs 1 for FLORIDA Panthers.
Shots for this period are 3 for PHILADELPHIA Flyers vs 13 for FLORIDA Panthers.

3rd period


0:01 of 3rd period - Claude Giroux wins face-off versus Steven Stamkos in neutral zone.
0:16 of 3rd period - Shot by Claude Giroux.
0:16 of 3rd period - Shot Blocked by Ryan McDonagh.
0:22 of 3rd period - Shot by Nick Schmaltz.
0:22 of 3rd period - Deflect By Claude Giroux.
0:22 of 3rd period - Stopped by Darcy Kuemper with a rebound.
0:28 of 3rd period - Claude Giroux is hit by Matthew Tkachuk and loses puck.
0:39 of 3rd period - Shot by Matthew Tkachuk.
0:39 of 3rd period - Shot Misses the Net.
1:17 of 3rd period - Shot by Brandon Saad.
1:17 of 3rd period - Stopped by Connor Hellebuyck with a rebound.
2:26 of 3rd period - Shot by Yegor Sharangovich.
2:26 of 3rd period - Stopped by Connor Hellebuyck with a rebound.
3:06 of 3rd period - Shot by Jakub Voracek.
3:06 of 3rd period - Deflect By Josh Leivo.
3:06 of 3rd period - Shot Blocked by Connor Murphy.
3:11 of 3rd period - Icing by Connor Murphy.
3:12 of 3rd period - Claude Giroux wins face-off versus Adam Henrique in FLORIDA Panthers zone.
3:31 of 3rd period - Shot by Nick Schmaltz.
3:31 of 3rd period - Stopped by Darcy Kuemper without a rebound.
3:32 of 3rd period - Chris Tierney wins face-off versus Steven Stamkos in FLORIDA Panthers zone.
3:32 of 3rd period - Chris Tierney is hit by Josh Morrissey.
3:34 of 3rd period - Shot by Justin Schultz.
3:34 of 3rd period - Stopped by Darcy Kuemper without a rebound.
3:35 of 3rd period - Claude Giroux wins face-off versus Steven Stamkos in FLORIDA Panthers zone.
3:41 of 3rd period - Minor Penalty to Josh Morrissey for Tripping.
3:42 of 3rd period - Nick Schmaltz wins face-off versus Vincent Trocheck in FLORIDA Panthers zone.
4:52 of 3rd period - Shot by Mike Hoffman.
4:52 of 3rd period - Deflect By Adam Erne.
4:52 of 3rd period - Shot Misses the Net.
4:54 of 3rd period - Shot by Adam Erne.
4:54 of 3rd period - Deflect By Mike Hoffman.
4:54 of 3rd period - Shot Misses the Net.
4:56 of 3rd period - Shot by Ben Chiarot.
4:56 of 3rd period - Shot Blocked by Eetu Luostarinen.
4:58 of 3rd period - Shot by Sean Monahan.
4:58 of 3rd period - Shot Misses the Net.
5:04 of 3rd period - Shot by Mike Hoffman.
5:04 of 3rd period - Stopped by Darcy Kuemper with a rebound.
5:06 of 3rd period - Shot by Ben Chiarot.
5:06 of 3rd period - Shot Blocked by Connor Murphy.
5:08 of 3rd period - Shot by Adam Erne.
5:08 of 3rd period - Stopped by Darcy Kuemper without a rebound.
5:09 of 3rd period - Vincent Trocheck wins face-off versus Sean Monahan in FLORIDA Panthers zone.
5:17 of 3rd period - Icing by Ben Chiarot.
5:18 of 3rd period - Vincent Trocheck wins face-off versus Sean Monahan in PHILADELPHIA Flyers zone.
5:51 of 3rd period - Shot by Josh Leivo.
5:51 of 3rd period - Shot Misses the Net.
5:53 of 3rd period - Shot by Jakub Voracek.
5:53 of 3rd period - Shot Blocked by Steven Stamkos.
6:09 of 3rd period - Shot by Chris Tierney.
6:09 of 3rd period - Stopped by Darcy Kuemper without a rebound.
6:10 of 3rd period - Ryan McLeod wins face-off versus Nick Schmaltz in FLORIDA Panthers zone.
6:27 of 3rd period - Shot by Nick Schmaltz.
6:27 of 3rd period - Shot Misses the Net.
6:29 of 3rd period - Shot by Nick Schmaltz.
6:29 of 3rd period - Shot Misses the Net.
6:44 of 3rd period - Leon Draisaitl is hit by Brady Skjei.
6:48 of 3rd period - Shot by Claude Giroux.
6:48 of 3rd period - Stopped by Darcy Kuemper without a rebound.
6:49 of 3rd period - Sean Couturier wins face-off versus Steven Stamkos in FLORIDA Panthers zone.
7:19 of 3rd period - Shot by Carter Verhaeghe.
7:19 of 3rd period - Stopped by Connor Hellebuyck without a rebound.
7:20 of 3rd period - Sam Gagner wins face-off versus Vincent Trocheck in PHILADELPHIA Flyers zone.
7:20 of 3rd period - Sam Gagner is hit by Vincent Trocheck.
7:39 of 3rd period - Brandon Saad is hit by Ben Chiarot and loses puck.
7:46 of 3rd period - Shot by Brock Nelson.
7:46 of 3rd period - Shot Hit the Post.
7:48 of 3rd period - Shot by Ryan McDonagh.
7:48 of 3rd period - Stopped by Connor Hellebuyck without a rebound.
7:49 of 3rd period - Claude Giroux wins face-off versus Steven Stamkos in PHILADELPHIA Flyers zone.
8:14 of 3rd period - Shot by Claude Giroux.
8:14 of 3rd period - Stopped by Darcy Kuemper without a rebound.
8:15 of 3rd period - Vincent Trocheck wins face-off versus Sean Couturier in FLORIDA Panthers zone.
8:15 of 3rd period - Vincent Trocheck is hit by Sean Monahan.
8:18 of 3rd period - Ryan McDonagh is hit by Sean Couturier and loses puck.
8:26 of 3rd period - Brandon Saad is hit by Ben Chiarot.
8:43 of 3rd period - Shot by Brock Nelson.
8:43 of 3rd period - Stopped by Connor Hellebuyck without a rebound.
8:44 of 3rd period - Claude Giroux wins face-off versus Steven Stamkos in PHILADELPHIA Flyers zone.
8:44 of 3rd period - Leon Draisaitl is hit by Steven Stamkos and loses puck.
8:53 of 3rd period - Shot by Nick Schmaltz.
8:53 of 3rd period - Shot Blocked by Brady Skjei.
9:01 of 3rd period - Shot by Claude Giroux.
9:01 of 3rd period - Shot Misses the Net.
9:33 of 3rd period - Off-side.
9:34 of 3rd period - Vincent Trocheck wins face-off versus Sean Couturier in neutral zone.
9:45 of 3rd period - Shot by Vincent Trocheck.
9:45 of 3rd period - Stopped by Connor Hellebuyck with a rebound.
9:47 of 3rd period - Shot by Vincent Trocheck.
9:47 of 3rd period - Stopped by Connor Hellebuyck without a rebound.
9:48 of 3rd period - Sam Gagner wins face-off versus Yegor Sharangovich in PHILADELPHIA Flyers zone.
9:54 of 3rd period - Minor Penalty to Noah Juulsen for Hooking.
9:55 of 3rd period - Leon Draisaitl wins face-off versus Vincent Trocheck in PHILADELPHIA Flyers zone.
10:32 of 3rd period - Shot by Brock Nelson.
10:32 of 3rd period - Shot Misses the Net.
10:34 of 3rd period - Shot by Vincent Trocheck.
10:34 of 3rd period - Shot Misses the Net.
10:36 of 3rd period - Shot by Dougie Hamilton.
10:36 of 3rd period - Stopped by Connor Hellebuyck without a rebound.
10:37 of 3rd period - Sean Couturier wins face-off versus Steven Stamkos in PHILADELPHIA Flyers zone.
10:52 of 3rd period - Shot by Steven Stamkos.
10:52 of 3rd period - Stopped by Connor Hellebuyck without a rebound.
10:53 of 3rd period - Steven Stamkos wins face-off versus Leon Draisaitl in PHILADELPHIA Flyers zone.
12:09 of 3rd period - Adam Henrique is hit by Sean Monahan and loses puck.
13:09 of 3rd period - Shot by Sam Gagner.
13:09 of 3rd period - Stopped by Darcy Kuemper without a rebound.
13:10 of 3rd period - Matthew Tkachuk wins face-off versus Chris Tierney in FLORIDA Panthers zone.
13:12 of 3rd period - Icing by Steven Stamkos.
13:13 of 3rd period - Matthew Tkachuk wins face-off versus Sam Gagner in FLORIDA Panthers zone.
13:22 of 3rd period - Shot by Matthew Tkachuk.
13:22 of 3rd period - Shot Misses the Net.
13:25 of 3rd period - Icing by Alexander Edler.
13:26 of 3rd period - Vincent Trocheck wins face-off versus Adam Erne in PHILADELPHIA Flyers zone.
13:30 of 3rd period - Icing by Justin Schultz.
13:31 of 3rd period - Adam Erne wins face-off versus Steven Stamkos in PHILADELPHIA Flyers zone.
14:15 of 3rd period - Icing by Justin Schultz.
14:16 of 3rd period - Sam Gagner wins face-off versus Vincent Trocheck in PHILADELPHIA Flyers zone.
14:22 of 3rd period - Off-side.
14:23 of 3rd period - Claude Giroux wins face-off versus Vincent Trocheck in neutral zone.
14:23 of 3rd period - Leon Draisaitl is hit by Vincent Trocheck and loses puck.
14:52 of 3rd period - Shot by Leon Draisaitl.
14:52 of 3rd period - Shot Blocked by Dougie Hamilton.
14:54 of 3rd period - Shot by Shea Weber.
14:54 of 3rd period - Shot Blocked by Brady Skjei.
14:56 of 3rd period - Shot by Leon Draisaitl.
14:56 of 3rd period - Shot Misses the Net.
14:58 of 3rd period - Shot by Shea Weber.
14:58 of 3rd period - Stopped by Darcy Kuemper without a rebound.
14:59 of 3rd period - Sean Couturier wins face-off versus Steven Stamkos in FLORIDA Panthers zone.
15:07 of 3rd period - Mike Hoffman is hit by Josh Morrissey and loses puck.
15:10 of 3rd period - Shot by Sean Couturier.
15:10 of 3rd period - Stopped by Darcy Kuemper without a rebound.
15:11 of 3rd period - Yegor Sharangovich wins face-off versus Chris Tierney in FLORIDA Panthers zone.
15:16 of 3rd period - Shot by Chris Tierney.
15:16 of 3rd period - Shot Blocked by Ryan McDonagh.
15:21 of 3rd period - Eetu Luostarinen is hit by Josh Leivo and loses puck.
15:29 of 3rd period - Minor Penalty to Justin Schultz for Roughing.
15:30 of 3rd period - Steven Stamkos wins face-off versus Leon Draisaitl in PHILADELPHIA Flyers zone.
15:35 of 3rd period - Shot by Josh Morrissey.
15:35 of 3rd period - Stopped by Connor Hellebuyck with a rebound.
15:51 of 3rd period - Shot by Josh Morrissey.
15:51 of 3rd period - Goal by Josh Morrissey - PHILADELPHIA Flyers : 2 - FLORIDA Panthers : 3.
15:52 of 3rd period - Sean Monahan wins face-off versus Vincent Trocheck in neutral zone.
15:52 of 3rd period - Sean Couturier is hit by Brock Nelson and loses puck.
16:11 of 3rd period - Shot by Sean Couturier.
16:11 of 3rd period - Shot Misses the Net.
16:14 of 3rd period - Icing by Brandon Saad.
16:15 of 3rd period - Vincent Trocheck wins face-off versus Leon Draisaitl in FLORIDA Panthers zone.
16:15 of 3rd period - Vincent Trocheck is hit by Claude Giroux.
18:27 of 3rd period - Shot by Eetu Luostarinen.
18:27 of 3rd period - Stopped by Connor Hellebuyck without a rebound.
18:28 of 3rd period - Claude Giroux wins face-off versus Derek Grant in PHILADELPHIA Flyers zone.
18:46 of 3rd period - Nick Schmaltz is hit by Matt Irwin and loses puck.
18:52 of 3rd period - Leon Draisaitl is hit by Matt Irwin and loses puck.
18:58 of 3rd period - Leon Draisaitl is hit by Matt Irwin.
19:00 of 3rd period - PHILADELPHIA Flyers, Connor Hellebuyck is pulled from the net.
19:02 of 3rd period - Shot by Nick Schmaltz.
19:02 of 3rd period - Shot Misses the Net.
19:07 of 3rd period - Leon Draisaitl is hit by Matt Irwin and loses puck.
19:10 of 3rd period - Shot by Nick Schmaltz.
19:10 of 3rd period - Shot Blocked by Connor Murphy.
19:12 of 3rd period - Shot by Ben Chiarot.
19:12 of 3rd period - Stopped by Darcy Kuemper without a rebound.
19:13 of 3rd period - Vincent Trocheck wins face-off versus Claude Giroux in FLORIDA Panthers zone.
19:32 of 3rd period - Shot by Ryan McDonagh.
19:32 of 3rd period - Goal by Ryan McDonagh - PHILADELPHIA Flyers : 2 - FLORIDA Panthers : 4.
19:32 of 3rd period - Connor Hellebuyck from PHILADELPHIA Flyers was sent back in the game.
19:33 of 3rd period - Sean Couturier wins face-off versus Steven Stamkos in neutral zone.
19:54 of 3rd period - Steven Stamkos is hit by Mike Hoffman and loses puck.
Goals for this period are 0 for PHILADELPHIA Flyers vs 2 for FLORIDA Panthers.
Shots for this period are 12 for PHILADELPHIA Flyers vs 13 for FLORIDA Panthers. Output by the SimonT Hockey Simulator (STHS) for Martin Benoit - Original Page W3C HTML5 Valid
Hockey Simulator - Hockey Simulation - Hockey Manager